 Dungeon Crawl Stone Soup version 0.29.1-1-gd02db69 (webtiles) character file.

Game seed: 1302716077299388741

245 Kel the Chopper (level 6, -3/37 HPs)
             Began as a Gargoyle Berserker on Nov 26, 2022.
             Was a Believer of Trog.
             Killed from afar by an orc wizard (7 damage)
             ... with a puff of flame
             ... on level 5 of the Dungeon.
             The game lasted 00:04:41 (3769 turns).

Kel the Chopper (Gargoyle Berserker)                Turns: 3769, Time: 00:04:41

Health: -3/37      AC: 14    Str: 22    XL:     6   Next: 10%
Magic:  6/6        EV: 11    Int:  8    God:    Trog [**....]
Gold:   211        SH:  0    Dex:  9    Spells: 5/5 levels left

rFire   . . .      SeeInvis .   a - +0 hand axe
rCold   . . .      Faith    .   (no shield)
rNeg    + . .      Spirit   .   n - +0 ring mail
rPois   ∞          Reflect  .   t - +0 helmet
rElec   +          Harm     .   v - +0 cloak
rCorr   .          Rampage  .   j - +0 pair of gloves
Will    .....                   s - +0 pair of boots
Stlth   ..........              (no amulet)
HPRegen 0.12/turn               (no ring)
MPRegen 0.10/turn               (no ring)

@: confused
A: sickness immunity, AC +4, negative energy resistance 1, electricity
resistance, torment resistance 1, petrification resistance
a: Renounce Religion, Berserk, Trog's Hand


You were on level 5 of the Dungeon.
You worshipped Trog.
Trog was pleased with you.
You visited 1 branch of the dungeon, and saw 5 of its levels.

You collected 211 gold pieces.

Inventory:

Hand Weapons
 a - a +0 hand axe (weapon)
Armour
 j - a +0 pair of gloves (worn)
 n - a +0 ring mail (worn)
 s - a +0 pair of boots (worn)
 t - a +0 helmet (worn)
 v - a +0 cloak (worn)
Scrolls
 b - a scroll of summoning {unknown}
 d - 3 scrolls of fog {unknown}
 e - a scroll of brand weapon {unknown}
 f - 2 scrolls of teleportation {unknown}
 g - 3 scrolls of amnesia {unknown}
 k - 8 scrolls of identify {unknown}
 l - a scroll of blinking {unknown}
 o - a scroll of noise {unknown}
Potions
 c - 2 potions of attraction {unknown}
 h - 4 potions of curing {unknown}
 i - a potion of degeneration {unknown}
 m - 2 potions of mutation {unknown}
 p - a potion of brilliance {unknown}
 q - 2 potions of flight {unknown}
 r - a potion of lignification {unknown}
 u - a potion of berserk rage {unknown}


   Skills:
 - Level 3.2 Fighting
 + Level 6.0 Axes
 - Level 2.1 Armour
 - Level 1.5 Dodging


You had 5 spell levels left.
You didn't know any spells.
Your spell library was empty.

Dungeon Overview and Level Annotations

Branches:
Dungeon (5/15)
 Temple: D:4-7

Altars:
Makhleb
Ru
Sif Muna
Yredelemnul
Zin

Shops:
D:4 =


Innate Abilities, Weirdness & Mutations

You are immune to sickness and miasma.
Your stone body is resilient. (AC +4)
You are immune to poison.
You resist negative energy. (rN+)
You are resistant to electric shocks. (rElec)
You are resistant to unholy torment.
You are immune to petrification.


Message History

You hit the orc wizard but do no damage.
The orc wizard is heavily wounded.
You hit the orc.
The orc wizard hits you with a +0 dagger.
* * * LOW HITPOINT WARNING * * *
The orc hits you but does no damage.
You hit the orc wizard.
The orc wizard is severely wounded.
You hit the orc. The orc hits you with a +0 flail.
* * * LOW HITPOINT WARNING * * *
The orc wizard points at you and mumbles some strange words.
The puff of flame misses you.
You closely miss the orc wizard.
The orc wizard is severely wounded.
You hit the orc.
You kill the orc!
Trog accepts your kill.
The orc wizard hits you but does no damage.
You closely miss the orc wizard.
The orc wizard is heavily wounded.
The orc wizard points at you and mumbles some strange words.
You are confused.
You're too confused to move!
The orc wizard hits you but does no damage.
You completely miss the orc wizard.
The orc wizard is heavily wounded.
The orc wizard closely misses you.
You hit the orc wizard.
The orc wizard is severely wounded.
The orc wizard mumbles some strange words.
The orc wizard flickers and vanishes!
Deactivating autopickup; reactivate with Ctrl-A.
You miss something.
You hear some strange, mumbled words.
Something tries to affect you, but you resist.
You closely miss something.
You hear some strange, mumbled words.
A puff of flame appears from out of thin air!
The puff of flame hits you!
You die...

###............
##..............
###...............
......#...........
......#...........
#........<....##
##.......))....#.
#......{).........
....##@).........
... #).......#...
. ..............
....#...........
..#####..<..(..#..
# ##..###.####
#### ##


There were no monsters in sight!

Vanquished Creatures
  A scorpion (D:4)
  A hound (D:4)
  An orc priest (D:4)
  Robin (D:4)
  A gnoll (D:3)
  An adder (D:3)
  A shadow imp (D:3)
  3 worms
  10 orcs
  6 ball pythons
  3 bats
  5 endoplasms
  2 giant cockroaches
  12 goblins
  8 hobgoblins
  3 quokkas
  3 frilled lizards
  5 kobolds
  3 rats
70 creatures vanquished.

Notes
Turn   | Place    | Note
-------+----------+-------------------------------------------
     0 | D:1      | Kel the Gargoyle Berserker began the quest for the Orb.
     0 | D:1      | Reached XP level 1. HP: 14/14 MP: 1/1
    84 | D:1      | Reached skill level 3 in Axes
   476 | D:1      | Reached XP level 2. HP: 19/19 MP: 2/2
  1224 | D:2      | Reached XP level 3. HP: 23/23 MP: 3/3
  1225 | D:2      | Found a faded altar of an unknown god.
  1554 | D:3      | Reached skill level 4 in Axes
  1722 | D:3      | Found a sacrificial altar of Ru.
  1997 | D:3      | Found a burning altar of Makhleb.
  2059 | D:3      | Found a shimmering blue altar of Sif Muna.
  2458 | D:3      | Reached ** piety under Trog
  2459 | D:3      | Reached XP level 4. HP: 18/28 MP: 4/4
  2654 | D:4      | Noticed a scorpion
  2665 | D:4      | Killed a scorpion
  2666 | D:4      | Reached skill level 5 in Axes
  2666 | D:4      | Reached XP level 5. HP: 28/32 MP: 5/5
  3114 | D:4      | Found Cezuclebo's Jewellery Shoppe.
  3122 | D:4      | Noticed Robin
  3157 | D:4      | Killed Robin
  3368 | D:4      | Found a basalt altar of Yredelemnul.
  3435 | D:4      | Reached XP level 6. HP: 13/37 MP: 6/6
  3641 | D:4      | Found a glowing silver altar of Zin.
  3731 | D:5      | Entered Level 5 of the Dungeon
  3738 | D:5      | Reached skill level 6 in Axes
  3769 | D:5      | Killed from afar by an orc wizard

Illustrated notes

Levels and vault maps discovered:
D:1:      dpeg_arrival_rooms_a, layout_rooms
D:2:      layout_rooms, ebering_ecumenical_altar_sacrificial
D:3:      minmay_door_path, layout_loops_ring, lemuel_crystal_altar,
          general_overflow_altar, lemuel_blue_sif_altar
D:4:      layout_rooms, lemuel_coloured_pillars_altar, kennysheep_mini_moat,
          serial_shops, shop, uniq_robin
D:5:      layout_cave_pools, uniq_grinder, uniq_prince_ribbit1

Skill      XL: |  1  2  3  4  5  6 |
---------------+-------------------+-----
Axes           | 3 4 5 6 |  6.0
Fighting       | |  3.2
Armour         | |  2.1
Dodging        | |  1.5

Action                   |  1- 3 |  4- 6 || total
-------------------------+-------+-------++-------
Melee: Hand axe          |   118 |   137 ||   255
       Punch             |     1 |     3 ||     4
Armor: Animal skin       |     7 |       ||     7
       Leather armour    |    14 |       ||    14
       Ring mail         |    29 |    77 ||   106
Dodge: Dodged            |    72 |    86 ||   158
